[ AOE2 MATCH · #475907048 ]
Team RMWu vs Teutons
[ REPLAY ANALYSIS · EXTRACTED FROM THE RECORDED GAME ]
Feudal
12:28
Castle
—
Imperial
—
| APM avg | 8.2 |
| APM peak | 38 |
| eAPM avg | 4.1 |
| Villagers / military | 28 / 11 |
Focus
⚔️ 17.9% · 🌾 82.1%
Militia ×11 · Fishing Ship ×6
Feudal
—
Castle
—
Imperial
—
| APM avg | 3.4 |
| APM peak | 33 |
| eAPM avg | 1.5 |
| Villagers / military | 19 / 0 |
Focus
⚔️ 2.4% · 🌾 97.6%
Feudal
17:13
Castle
32:57
Imperial
38:01
| APM avg | 21.2 |
| APM peak | 64 |
| eAPM avg | 8.9 |
| Villagers / military | 58 / 39 |
Focus
⚔️ 24.4% · 🌾 75.6%
Archer ×25 · Berserk ×9 · Militia ×5
Feudal
—
Castle
—
Imperial
—
| APM avg | 6.1 |
| APM peak | 67 |
| eAPM avg | 2.2 |
| Villagers / military | 6 / 0 |
Focus
⚔️ 16.1% · 🌾 83.9%
Feudal
12:34
Castle
19:02
Imperial
—
| APM avg | 10.6 |
| APM peak | 35 |
| eAPM avg | 5.2 |
| Villagers / military | 35 / 10 |
Focus
⚔️ 19.9% · 🌾 80.1%
Knight ×7 · Scout Cavalry ×3
Feudal
14:23
Castle
38:30
Imperial
—
| APM avg | 31.5 |
| APM peak | 66 |
| eAPM avg | 15.4 |
| Villagers / military | 50 / 93 |
Focus
⚔️ 25.4% · 🌾 74.6%
Archer ×35 · Militia ×28 · Spearman ×15 · Fishing Ship ×13 · Scout Cavalry ×11 · Steppe Lancer ×4
Feudal
—
Castle
—
Imperial
—
| APM avg | 3.3 |
| APM peak | 36 |
| eAPM avg | 1.8 |
| Villagers / military | 12 / 0 |
Focus
⚔️ 13.3% · 🌾 86.7%
Feudal
—
Castle
—
Imperial
—
| APM avg | 9.2 |
| APM peak | 22 |
| eAPM avg | 6.9 |
| Villagers / military | 61 / 38 |
Focus
⚔️ 24.3% · 🌾 75.7%
Huskarl ×18 · Spearman ×13 · Militia ×7
Match map
Resources at game start + every placement click. Thick line = wall · dashed box = detected house wall. 🟡 gold · ⚪ stone · 🟢 berries · 🔶 boar · ⭕ relic
Inputs per minute
— HOO LEE SHEET - - Earth
Build order — HOO LEE SHEET
70 actions detected in the replay
| 0:01 | Research | Loom |
| 0:01 | Create | Villager (Male) |
| 0:01 | Create | Villager (Male) |
| 0:02 | Create | Villager (Male) |
| 0:03 | Build | House |
| 0:12 | Create | Villager (Male) |
| 0:15 | Build | House |
| 0:16 | Build | House |
| 0:17 | Build | House |
| 1:55 | Create | Villager (Male) |
| 2:35 | Create | Villager (Male) |
| 2:46 | Create | Villager (Male) |
| 3:18 | Create | Villager (Male) |
| 3:58 | Create | Villager (Male) |
| 3:58 | Create | Villager (Male) |
| 3:58 | Create | Villager (Male) |
| 4:25 | Create | Villager (Male) |
| 4:25 | Create | Villager (Male) |
| 4:46 | Build | Dock |
| 4:50 | Create | Villager (Male) |
| 4:50 | Create | Villager (Male) |
| 4:51 | Create | Villager (Male) |
| 5:24 | Create | Villager (Male) |
| 5:51 | Create | Villager (Male) |
| 6:15 | Create | Fishing Ship |
| 6:25 | Create | Villager (Male) |
| 6:25 | Create | Villager (Male) |
| 7:27 | Create | Fishing Ship |
| 7:27 | Create | Fishing Ship |
| 7:52 | Create | Fishing Ship |
| 8:07 | Create | Villager (Male) |
| 8:08 | Create | Villager (Male) |
| 8:24 | Build | House |
| 8:25 | Build | House |
| 8:27 | Build | House |
| 8:30 | Create | Villager (Male) |
| 8:50 | Build | House |
| 8:53 | Create | Villager (Male) |
| 9:32 | Build | Mill |
| 9:36 | Create | Villager (Male) |
| 10:11 | Create | Villager (Male) |
| 10:15 | Research | Feudal Age |
| 10:53 | Build | Mining Camp |
| 11:48 | Build | Lumber Camp |
| 12:28 | Age | Feudal Age |
| 12:29 | Research | Wheelbarrow |
| 14:10 | Research | Double-Bit Axe |
| 14:16 | Build | Barracks |
| 14:24 | Create | Villager (Male) |
| 14:32 | Build | Blacksmith |
| 14:47 | Research | Man-at-Arms (upgrade) |
| 14:48 | Research | Arson |
| 14:53 | Create | Militia |
| 14:53 | Create | Militia |
| 14:54 | Create | Militia |
| 14:54 | Create | Militia |
| 14:54 | Create | Militia |
| 15:40 | Research | Tech 906 |
| 15:41 | Create | Fishing Ship |
| 15:50 | Create | Militia |
| 16:09 | Create | Fishing Ship |
| 16:14 | Create | Villager (Male) |
| 16:31 | Create | Militia |
| 16:57 | Build | Mill |
| 17:17 | Create | Militia |
| 17:21 | Create | Militia |
| 17:59 | Build | Barracks |
| 18:15 | Create | Militia |
| 18:15 | Create | Militia |
| 18:22 | Build | Watch Tower |
Build order — Earth
25 actions detected in the replay
| 0:06 | Build | House |
| 0:06 | Create | Villager (Male) |
| 0:07 | Create | Villager (Male) |
| 0:07 | Create | Villager (Male) |
| 0:07 | Create | Villager (Male) |
| 0:07 | Create | Villager (Male) |
| 0:09 | Build | House |
| 1:03 | Build | House |
| 1:07 | Build | House |
| 1:42 | Create | Villager (Male) |
| 1:42 | Create | Villager (Male) |
| 2:07 | Create | Villager (Male) |
| 2:07 | Create | Villager (Male) |
| 2:16 | Build | House |
| 2:24 | Create | Villager (Male) |
| 2:25 | Create | Villager (Male) |
| 2:47 | Create | Villager (Male) |
| 2:47 | Create | Villager (Male) |
| 3:01 | Build | Lumber Camp |
| 3:31 | Create | Villager (Male) |
| 3:31 | Create | Villager (Male) |
| 3:31 | Create | Villager (Male) |
| 3:32 | Create | Villager (Male) |
| 3:56 | Create | Villager (Male) |
| 3:56 | Create | Villager (Male) |
Build order — slaya87
First 150 of 182 actions detected
| 0:13 | Create | Villager (Male) |
| 0:13 | Research | Loom |
| 0:13 | Create | Villager (Male) |
| 0:14 | Create | Villager (Male) |
| 0:14 | Create | Villager (Male) |
| 0:15 | Create | Villager (Male) |
| 0:26 | Build | House |
| 0:31 | Build | House |
| 2:38 | Create | Villager (Male) |
| 3:30 | Create | Villager (Male) |
| 4:05 | Create | Villager (Male) |
| 4:42 | Create | Villager (Male) |
| 5:53 | Create | Villager (Male) |
| 6:10 | Build | Lumber Camp |
| 6:21 | Create | Villager (Male) |
| 7:06 | Build | Mill |
| 7:14 | Create | Villager (Male) |
| 7:15 | Create | Villager (Male) |
| 7:52 | Build | House |
| 7:56 | Create | Villager (Male) |
| 8:42 | Build | House |
| 8:44 | Create | Villager (Male) |
| 9:10 | Create | Villager (Male) |
| 9:21 | Build | Mining Camp |
| 9:26 | Create | Villager (Male) |
| 9:52 | Create | Villager (Male) |
| 10:25 | Create | Villager (Male) |
| 11:21 | Create | Villager (Male) |
| 11:21 | Create | Villager (Male) |
| 11:42 | Create | Villager (Male) |
| 12:18 | Create | Villager (Male) |
| 12:21 | Build | Farm |
| 12:34 | Create | Villager (Male) |
| 13:21 | Create | Villager (Male) |
| 13:21 | Create | Villager (Male) |
| 14:13 | Build | Farm |
| 14:15 | Build | Farm |
| 14:17 | Create | Villager (Male) |
| 14:23 | Build | House |
| 14:50 | Research | Feudal Age |
| 15:10 | Build | Mining Camp |
| 15:16 | Build | Barracks |
| 15:47 | Create | Villager (Male) |
| 16:00 | Build | House |
| 16:28 | Create | Militia |
| 16:29 | Create | Militia |
| 16:29 | Create | Militia |
| 16:30 | Create | Militia |
| 16:30 | Create | Militia |
| 16:38 | Create | Villager (Male) |
| 16:39 | Create | Villager (Male) |
| 16:42 | Build | House |
| 16:44 | Build | House |
| 17:08 | Build | Farm |
| 17:13 | Age | Feudal Age |
| 17:22 | Create | Villager (Male) |
| 17:41 | Research | Double-Bit Axe |
| 18:30 | Create | Villager (Male) |
| 18:45 | Create | Villager (Male) |
| 19:01 | Build | Archery Range |
| 19:18 | Create | Villager (Male) |
| 19:19 | Create | Villager (Male) |
| 19:39 | Create | Villager (Male) |
| 19:39 | Create | Villager (Male) |
| 19:45 | Build | Lumber Camp |
| 20:14 | Create | Archer |
| 20:15 | Create | Archer |
| 20:28 | Build | Watch Tower |
| 20:55 | Create | Villager (Male) |
| 20:55 | Create | Villager (Male) |
| 20:59 | Build | Farm |
| 21:04 | Build | House |
| 21:20 | Create | Archer |
| 21:20 | Create | Archer |
| 21:21 | Create | Archer |
| 21:35 | Create | Villager (Male) |
| 21:50 | Build | Blacksmith |
| 22:32 | Create | Archer |
| 22:33 | Create | Archer |
| 22:33 | Create | Archer |
| 22:38 | Research | Fletching |
| 22:39 | Research | Padded Archer Armor |
| 22:42 | Build | House |
| 23:16 | Build | Barracks |
| 23:34 | Create | Villager (Male) |
| 23:35 | Create | Villager (Male) |
| 23:35 | Create | Villager (Male) |
| 23:41 | Build | Lumber Camp |
| 24:12 | Research | Man-at-Arms (upgrade) |
| 24:23 | Build | Archery Range |
| 24:35 | Build | Watch Tower |
| 25:03 | Create | Villager (Male) |
| 25:03 | Create | Villager (Male) |
| 25:07 | Build | Farm |
| 25:12 | Build | Farm |
| 25:16 | Build | Farm |
| 25:18 | Research | Horse Collar |
| 25:21 | Build | Farm |
| 25:25 | Build | Farm |
| 25:31 | Build | Farm |
| 25:35 | Build | Farm |
| 25:37 | Create | Villager (Male) |
| 25:43 | Build | House |
| 27:08 | Build | Archery Range |
| 27:24 | Create | Villager (Male) |
| 27:25 | Create | Villager (Male) |
| 27:30 | Build | Farm |
| 27:34 | Build | Farm |
| 27:50 | Build | Market |
| 28:06 | Create | Archer |
| 28:06 | Create | Archer |
| 28:07 | Create | Archer |
| 28:07 | Create | Archer |
| 28:15 | Build | House |
| 29:21 | Build | House |
| 29:48 | Build | Farm |
| 30:17 | Research | Castle Age |
| 30:23 | Build | Farm |
| 30:26 | Build | Farm |
| 30:58 | Build | House |
| 31:21 | Build | House |
| 32:13 | Build | House |
| 32:34 | Create | Villager (Male) |
| 32:34 | Create | Villager (Male) |
| 32:57 | Age | Castle Age |
| 33:13 | Build | Castle |
| 33:20 | Build | House |
| 33:29 | Build | Farm |
| 33:31 | Research | Heavy Plow |
| 33:35 | Research | Bow Saw |
| 33:43 | Build | Mining Camp |
| 33:45 | Research | Crossbowman (upgrade) |
| 34:02 | Build | University |
| 34:42 | Build | Archery Range |
| 34:51 | Research | Imperial Age |
| 35:51 | Build | Town Center |
| 35:59 | Research | Treadmill Crane |
| 36:01 | Research | Murder Holes |
| 36:08 | Build | Mining Camp |
| 36:11 | Create | Villager (Male) |
| 36:12 | Create | Villager (Male) |
| 36:19 | Research | Squires |
| 36:28 | Create | Berserk |
| 36:28 | Create | Berserk |
| 36:29 | Create | Berserk |
| 36:29 | Create | Berserk |
| 36:37 | Research | Forging |
| 36:37 | Research | Scale Mail Armor |
| 37:13 | Research | Town Watch |
| 37:19 | Create | Archer |
Build order — Xon Xeena
9 actions detected in the replay
| 0:05 | Create | Villager (Male) |
| 0:07 | Build | House |
| 0:13 | Create | Villager (Male) |
| 0:40 | Create | Villager (Male) |
| 0:47 | Build | House |
| 1:58 | Build | Palisade Wall |
| 2:15 | Create | Villager (Male) |
| 2:15 | Create | Villager (Male) |
| 3:12 | Create | Villager (Male) |
Build order — Jonnyathon
79 actions detected in the replay
| 0:03 | Build | House |
| 0:04 | Build | House |
| 0:06 | Build | House |
| 0:09 | Create | Villager (Male) ×4 |
| 1:58 | Create | Villager (Male) |
| 2:38 | Create | Villager (Male) ×2 |
| 3:18 | Create | Villager (Male) |
| 3:50 | Build | Lumber Camp |
| 4:02 | Create | Villager (Male) |
| 4:29 | Create | Villager (Male) |
| 5:06 | Build | Mill |
| 6:34 | Create | Villager (Male) ×5 |
| 8:53 | Create | Villager (Male) ×5 |
| 9:27 | Build | House |
| 9:28 | Build | House |
| 10:24 | Research | Feudal Age |
| 11:02 | Build | Barracks |
| 11:09 | Build | Mining Camp |
| 11:32 | Create | Villager (Male) |
| 12:07 | Create | Villager (Male) |
| 12:34 | Age | Feudal Age |
| 12:52 | Build | Stable |
| 12:54 | Create | Villager (Male) |
| 13:09 | Build | Blacksmith |
| 13:13 | Create | Villager (Male) |
| 13:31 | Build | Farm |
| 13:47 | Create | Villager (Male) |
| 14:06 | Build | Stone Wall |
| 14:09 | Build | Building 487 |
| 14:21 | Build | Stone Wall |
| 14:24 | Build | Building 673 |
| 14:30 | Build | Farm |
| 14:30 | Build | Farm |
| 14:49 | Create | Villager (Male) |
| 15:27 | Build | Mining Camp |
| 15:30 | Create | Villager (Male) |
| 16:22 | Research | Castle Age |
| 16:33 | Create | Villager (Male) |
| 16:51 | Build | Farm |
| 16:52 | Build | Farm |
| 16:52 | Build | Farm |
| 16:53 | Build | Farm |
| 17:18 | Build | Farm |
| 17:46 | Build | Stone Wall |
| 17:54 | Create | Scout Cavalry |
| 17:54 | Create | Scout Cavalry |
| 17:54 | Create | Scout Cavalry |
| 18:37 | Build | House |
| 18:38 | Build | House |
| 18:40 | Build | House |
| 18:41 | Build | House |
| 19:01 | Build | Stone Wall |
| 19:02 | Age | Castle Age |
| 19:44 | Create | Knight |
| 19:44 | Create | Knight |
| 19:44 | Create | Knight |
| 19:57 | Create | Knight |
| 20:23 | Create | Knight |
| 21:24 | Build | Siege Workshop |
| 21:45 | Create | Knight |
| 21:55 | Create | Villager (Male) |
| 21:56 | Create | Villager (Male) |
| 22:55 | Create | Villager (Male) |
| 22:55 | Create | Villager (Male) |
| 23:17 | Create | Villager (Male) |
| 23:49 | Create | Knight |
| 24:03 | Research | Stone Mining |
| 24:12 | Build | Farm |
| 25:33 | Build | Castle |
| 25:52 | Build | Town Center |
| 26:39 | Build | Mining Camp |
| 28:34 | Build | Mining Camp |
| 29:32 | Build | Market |
| 29:51 | Build | Lumber Camp |
| 30:50 | Build | Town Center |
| 34:52 | Create | Villager (Male) |
| 35:36 | Build | Farm |
| 38:30 | Create | Villager (Male) |
| 39:05 | Build | Farm |
Build order — MajonesKnut
First 150 of 239 actions detected
| 0:04 | Build | House |
| 0:07 | Build | House |
| 0:24 | Create | Villager (Male) |
| 0:25 | Create | Villager (Male) |
| 0:25 | Create | Villager (Male) |
| 0:25 | Create | Villager (Male) |
| 0:25 | Create | Villager (Male) |
| 0:26 | Create | Villager (Male) |
| 0:47 | Build | Palisade Wall |
| 1:03 | Build | House |
| 1:08 | Build | House |
| 1:18 | Build | House |
| 2:24 | Build | Palisade Wall |
| 2:29 | Build | Palisade Wall |
| 2:38 | Create | Villager (Male) |
| 2:38 | Create | Villager (Male) |
| 2:39 | Create | Villager (Male) |
| 2:51 | Create | Villager (Male) |
| 2:51 | Create | Villager (Male) |
| 3:49 | Create | Villager (Male) |
| 3:50 | Create | Villager (Male) |
| 4:32 | Create | Villager (Male) |
| 4:55 | Create | Villager (Male) |
| 5:02 | Build | Lumber Camp |
| 5:10 | Create | Villager (Male) |
| 5:10 | Create | Villager (Male) |
| 5:48 | Create | Villager (Male) |
| 5:48 | Create | Villager (Male) |
| 5:48 | Create | Villager (Male) |
| 6:28 | Create | Villager (Male) |
| 6:28 | Create | Villager (Male) |
| 6:35 | Build | Mill |
| 6:59 | Create | Villager (Male) |
| 7:00 | Create | Villager (Male) |
| 7:00 | Create | Villager (Male) |
| 7:38 | Create | Villager (Male) |
| 7:39 | Create | Villager (Male) |
| 8:03 | Build | Dock |
| 8:11 | Build | House |
| 8:21 | Build | House |
| 8:28 | Create | Villager (Male) |
| 9:03 | Build | Lumber Camp |
| 9:09 | Create | Villager (Male) |
| 9:10 | Create | Villager (Male) |
| 9:37 | Create | Fishing Ship |
| 9:37 | Create | Fishing Ship |
| 9:57 | Create | Villager (Male) |
| 10:00 | Create | Villager (Male) |
| 10:03 | Create | Fishing Ship |
| 10:38 | Build | Mining Camp |
| 10:43 | Create | Villager (Male) |
| 10:53 | Create | Villager (Male) |
| 12:13 | Research | Feudal Age |
| 12:13 | Research | Feudal Age |
| 12:27 | Create | Fishing Ship |
| 12:27 | Create | Fishing Ship |
| 12:28 | Create | Fishing Ship |
| 13:14 | Create | Villager (Male) |
| 13:14 | Create | Villager (Male) |
| 13:18 | Create | Fishing Ship |
| 13:18 | Create | Fishing Ship |
| 13:32 | Build | Dock |
| 14:03 | Build | Mining Camp |
| 14:08 | Build | Mining Camp |
| 14:19 | Create | Fishing Ship |
| 14:23 | Age | Feudal Age |
| 14:25 | Research | Double-Bit Axe |
| 14:25 | Research | Double-Bit Axe |
| 14:33 | Build | House |
| 14:34 | Build | House |
| 14:37 | Build | House |
| 14:38 | Build | House |
| 14:50 | Research | Loom |
| 14:52 | Create | Villager (Male) |
| 14:52 | Create | Villager (Male) |
| 15:06 | Build | Watch Tower |
| 15:17 | Create | Villager (Male) |
| 15:18 | Create | Villager (Male) |
| 15:39 | Create | Villager (Male) |
| 15:40 | Create | Villager (Male) |
| 15:41 | Research | Stone Mining |
| 15:44 | Research | Gold Mining |
| 15:44 | Research | Gold Mining |
| 15:57 | Build | Fish Trap |
| 16:03 | Build | Fish Trap |
| 16:30 | Build | Fish Trap |
| 16:32 | Create | Villager (Male) |
| 16:32 | Create | Villager (Male) |
| 16:32 | Create | Villager (Male) |
| 16:46 | Build | Fish Trap |
| 17:21 | Build | Barracks |
| 17:29 | Create | Villager (Male) |
| 17:29 | Create | Villager (Male) |
| 17:53 | Build | Fish Trap |
| 17:55 | Build | Fish Trap |
| 17:59 | Create | Villager (Male) |
| 18:07 | Create | Militia |
| 18:07 | Create | Militia |
| 18:10 | Research | Man-at-Arms (upgrade) |
| 18:17 | Build | Fish Trap |
| 18:27 | Build | Fish Trap |
| 18:44 | Create | Militia ×3 |
| 19:34 | Build | Watch Tower |
| 19:41 | Build | Palisade Wall |
| 19:49 | Build | Palisade Wall |
| 19:54 | Build | House |
| 20:06 | Build | Palisade Wall |
| 20:22 | Build | Fish Trap |
| 20:25 | Build | Blacksmith |
| 20:34 | Build | Watch Tower |
| 20:36 | Create | Militia |
| 20:36 | Create | Militia |
| 20:37 | Create | Militia |
| 20:57 | Build | Watch Tower |
| 21:07 | Research | Fletching |
| 21:07 | Research | Fletching |
| 21:16 | Build | Watch Tower |
| 21:20 | Build | Palisade Wall |
| 21:24 | Build | Palisade Wall |
| 21:25 | Build | Palisade Wall |
| 22:13 | Build | Palisade Wall |
| 22:15 | Build | Palisade Wall |
| 22:20 | Create | Militia |
| 22:20 | Create | Militia |
| 22:20 | Create | Militia |
| 22:20 | Create | Militia |
| 22:24 | Build | House |
| 22:41 | Build | Watch Tower |
| 22:52 | Create | Militia |
| 22:52 | Create | Militia |
| 22:53 | Create | Militia |
| 22:54 | Create | Militia |
| 22:57 | Create | Villager (Male) |
| 22:58 | Create | Villager (Male) |
| 23:05 | Build | Archery Range |
| 23:19 | Build | House |
| 23:20 | Build | House |
| 23:22 | Build | Palisade Wall |
| 23:36 | Build | Palisade Wall |
| 23:57 | Create | Archer ×5 |
| 24:02 | Build | Archery Range |
| 24:04 | Build | Archery Range |
| 24:47 | Create | Archer |
| 24:48 | Create | Archer |
| 24:48 | Create | Archer |
| 24:53 | Build | House |
| 24:55 | Build | House |
| 24:55 | Build | House |
| 24:59 | Build | House |
| 24:59 | Build | House |
Build order — alancazu
18 actions detected in the replay
| 0:05 | Research | Loom |
| 0:05 | Create | Villager (Male) |
| 0:05 | Create | Villager (Male) |
| 0:05 | Create | Villager (Male) |
| 0:06 | Create | Villager (Male) |
| 0:42 | Build | House |
| 0:44 | Build | House |
| 0:46 | Build | House |
| 1:18 | Build | Building 800 |
| 1:28 | Build | Palisade Wall |
| 2:37 | Create | Villager (Male) |
| 2:37 | Create | Villager (Male) |
| 3:44 | Create | Villager (Male) |
| 3:55 | Create | Villager (Male) |
| 5:12 | Create | Villager (Male) |
| 5:12 | Create | Villager (Male) |
| 5:13 | Create | Villager (Male) |
| 5:13 | Create | Villager (Male) |
Build order — xMattAdore
First 150 of 158 actions detected
| 0:02 | Build | House |
| 0:04 | Build | House |
| 0:06 | Build | House |
| 0:07 | Research | Loom |
| 0:07 | Create | Villager (Male) |
| 0:07 | Create | Villager (Male) |
| 0:07 | Create | Villager (Male) |
| 0:08 | Create | Villager (Male) |
| 1:38 | Create | Villager (Male) |
| 1:39 | Create | Villager (Male) |
| 2:30 | Build | House |
| 2:36 | Build | House |
| 2:44 | Create | Villager (Male) |
| 2:44 | Create | Villager (Male) |
| 2:45 | Create | Villager (Male) |
| 3:04 | Create | Villager (Male) |
| 3:04 | Create | Villager (Male) |
| 3:29 | Build | House |
| 3:33 | Create | Villager (Male) |
| 3:34 | Create | Villager (Male) |
| 3:53 | Create | Villager (Male) |
| 3:53 | Create | Villager (Male) |
| 3:54 | Create | Villager (Male) |
| 4:01 | Build | House |
| 4:25 | Build | House |
| 4:28 | Create | Villager (Male) |
| 4:28 | Create | Villager (Male) |
| 4:28 | Create | Villager (Male) |
| 4:42 | Create | Villager (Male) |
| 4:43 | Create | Villager (Male) |
| 4:50 | Build | House |
| 5:11 | Create | Villager (Male) |
| 5:11 | Create | Villager (Male) |
| 5:17 | Build | House |
| 5:53 | Build | House |
| 5:54 | Create | Villager (Male) |
| 5:54 | Create | Villager (Male) |
| 6:23 | Build | House |
| 6:40 | Create | Villager (Male) |
| 6:40 | Create | Villager (Male) |
| 6:44 | Build | House |
| 7:18 | Build | House |
| 8:11 | Create | Villager (Male) |
| 8:12 | Create | Villager (Male) |
| 8:12 | Create | Villager (Male) |
| 8:20 | Build | Mill |
| 9:01 | Create | Villager (Male) |
| 9:01 | Create | Villager (Male) |
| 9:42 | Create | Villager (Male) |
| 9:43 | Create | Villager (Male) |
| 10:41 | Create | Villager (Male) |
| 10:42 | Create | Villager (Male) |
| 10:51 | Build | Lumber Camp |
| 12:35 | Create | Villager (Male) |
| 12:35 | Create | Villager (Male) |
| 12:36 | Research | Feudal Age |
| 13:04 | Build | Mining Camp |
| 15:05 | Build | Mining Camp |
| 15:07 | Create | Villager (Male) |
| 15:07 | Create | Villager (Male) |
| 15:08 | Create | Villager (Male) |
| 15:38 | Build | Market |
| 15:52 | Build | Blacksmith |
| 16:28 | Create | Villager (Male) |
| 16:28 | Create | Villager (Male) |
| 17:09 | Research | Castle Age |
| 17:20 | Build | Farm |
| 17:27 | Build | Farm |
| 17:27 | Build | Farm |
| 17:29 | Build | Farm |
| 17:31 | Build | Farm |
| 17:33 | Build | Farm |
| 17:36 | Research | Horse Collar |
| 17:50 | Research | Stone Mining |
| 17:53 | Research | Double-Bit Axe |
| 19:16 | Build | Barracks |
| 19:34 | Create | Villager (Male) |
| 19:34 | Create | Villager (Male) |
| 20:27 | Create | Villager (Male) |
| 20:28 | Create | Villager (Male) |
| 20:44 | Build | Town Center |
| 21:25 | Build | Farm |
| 21:26 | Build | Farm |
| 21:27 | Build | Farm |
| 21:29 | Create | Villager (Male) |
| 21:29 | Create | Villager (Male) |
| 21:53 | Create | Villager (Male) |
| 21:53 | Create | Villager (Male) |
| 21:53 | Create | Villager (Male) |
| 22:13 | Create | Villager (Male) |
| 22:13 | Create | Villager (Male) |
| 22:17 | Build | Farm |
| 22:21 | Build | Farm |
| 22:28 | Build | Barracks |
| 22:31 | Research | Pikeman (upgrade) |
| 22:36 | Build | Farm |
| 22:59 | Create | Spearman |
| 23:00 | Create | Spearman |
| 23:00 | Create | Spearman |
| 23:00 | Create | Spearman |
| 23:01 | Create | Spearman |
| 23:01 | Create | Spearman |
| 23:01 | Create | Spearman |
| 23:01 | Create | Spearman |
| 23:02 | Create | Spearman |
| 23:02 | Create | Spearman |
| 23:02 | Create | Spearman |
| 23:03 | Create | Spearman |
| 23:04 | Create | Spearman |
| 23:31 | Create | Villager (Male) |
| 23:31 | Create | Villager (Male) |
| 23:33 | Create | Villager (Male) |
| 24:16 | Build | Castle |
| 24:38 | Build | Farm |
| 24:39 | Build | Farm |
| 24:40 | Build | Farm |
| 24:42 | Create | Villager (Male) |
| 24:43 | Create | Villager (Male) |
| 24:44 | Create | Villager (Male) |
| 24:45 | Create | Villager (Male) |
| 24:51 | Build | Farm |
| 24:51 | Build | Farm |
| 24:52 | Build | Farm |
| 24:53 | Build | Farm |
| 25:09 | Build | Farm |
| 25:14 | Build | Farm |
| 25:18 | Build | Farm |
| 25:45 | Build | Barracks |
| 25:55 | Create | Huskarl |
| 25:55 | Create | Huskarl |
| 25:56 | Create | Huskarl |
| 25:56 | Create | Huskarl |
| 25:56 | Create | Huskarl |
| 26:56 | Create | Huskarl |
| 26:56 | Create | Huskarl |
| 26:57 | Create | Huskarl |
| 27:47 | Create | Huskarl |
| 27:48 | Create | Huskarl |
| 27:48 | Create | Huskarl |
| 30:36 | Research | Man-at-Arms (upgrade) |
| 30:42 | Create | Militia |
| 30:43 | Create | Militia |
| 30:43 | Create | Militia |
| 30:43 | Create | Militia |
| 30:43 | Create | Militia |
| 30:44 | Create | Militia |
| 30:44 | Create | Militia |
| 35:15 | Build | Mining Camp |
| 35:43 | Build | Mining Camp |
| 37:14 | Research | Imperial Age |
Match timeline
| 0:47 | MajonesKnut · wall_segment Palisade Wall x5 |
| 1:28 | alancazu · wall_segment Palisade Wall x4 |
| 1:58 | Xon Xeena · wall_segment Palisade Wall x6 |
| 2:24 | MajonesKnut · wall_segment Palisade Wall x5 |
| 2:29 | MajonesKnut · wall_segment Palisade Wall x1 |
| 4:46 | HOO LEE SHEET · first_building Dock |
| 5:37 | Xon Xeena · resign |
| 8:03 | MajonesKnut · first_building Dock |
| 11:02 | Jonnyathon · first_building Barracks |
| 12:28 | HOO LEE SHEET · age_up feudal |
| 12:34 | Jonnyathon · age_up feudal |
| 12:52 | Jonnyathon · first_building Stable |
| 14:06 | Jonnyathon · wall_segment Stone Wall x12 |
| 14:16 | HOO LEE SHEET · first_building Barracks |
| 14:21 | Jonnyathon · wall_segment Stone Wall x11 |
| 14:23 | MajonesKnut · age_up feudal |
| 15:16 | slaya87 · first_building Barracks |
| 17:13 | slaya87 · age_up feudal |
| 17:21 | MajonesKnut · first_building Barracks |
| 17:46 | Jonnyathon · wall_segment Stone Wall x9 |
| 19:01 | slaya87 · first_building Archery Range |
| 19:01 | Jonnyathon · wall_segment Stone Wall x13 |
| 19:02 | Jonnyathon · age_up castle |
| 19:16 | xMattAdore · first_building Barracks |
| 19:41 | MajonesKnut · wall_segment Palisade Wall x1 |
| 19:49 | MajonesKnut · wall_segment Palisade Wall x1 |
| 20:06 | MajonesKnut · wall_segment Palisade Wall x1 |
| 21:20 | MajonesKnut · wall_segment Palisade Wall x1 |
| 21:24 | Jonnyathon · first_building Siege Workshop |
| 21:24 | MajonesKnut · wall_segment Palisade Wall x1 |
| 21:25 | MajonesKnut · wall_segment Palisade Wall x1 |
| 22:13 | MajonesKnut · wall_segment Palisade Wall x1 |
| 22:15 | MajonesKnut · wall_segment Palisade Wall x1 |
| 22:50 | xMattAdore · first_market_buy 100 food |
| 23:05 | MajonesKnut · first_building Archery Range |
| 23:22 | MajonesKnut · wall_segment Palisade Wall x1 |
| 23:36 | MajonesKnut · wall_segment Palisade Wall x1 |
| 24:16 | xMattAdore · first_building Castle |
| 25:33 | Jonnyathon · first_building Castle |
| 26:05 | MajonesKnut · wall_segment Palisade Wall x1 |
| 26:06 | MajonesKnut · wall_segment Palisade Wall x1 |
| 26:08 | MajonesKnut · wall_segment Palisade Wall x1 |
| 26:08 | MajonesKnut · wall_segment Palisade Wall x1 |
| 27:50 | MajonesKnut · first_building Stable |
| 32:41 | slaya87 · first_market_sell 100 wood |
| 32:57 | slaya87 · age_up castle |
| 33:13 | slaya87 · first_building Castle |
| 38:01 | slaya87 · age_up imperial |
| 38:30 | MajonesKnut · age_up castle |
| 40:04 | MajonesKnut · first_market_buy 500 stone |
| 40:10 | MajonesKnut · first_building Castle |
[ AI ANALYSIS · 1 CREDIT ]
What really happened in this match?
Wolo.gg analyzes every decision: build order, eco, micro, common mistakes by bracket. Personalized analysis on WhatsApp or Discord in 30 seconds.
Civ guide
Wu
Map guide
Black Forest
Perfil
Jugador #309913